 Dungeon Sprint DCSS version 0.31-a0-435-g2c6fae2916 (webtiles) character file.

Game seed: 16759827411546149294

27390 Turgor the Unseen (level 13, -6/88 HPs)
             Began as a Vampire Enchanter on Aug 1, 2023.
             Was the Champion of Cheibriados.
             Mangled by a naga warrior
             ... wielding a +0 scimitar
              (21 damage)
             ... in the Dungeon (Sprint IX: "|||||||||||||||||||||||||||||").
             The game lasted 00:41:45 (2975 turns).

Turgor the Unseen (Vampire Enchanter)               Turns: 2975, Time: 00:41:46

Health: -6/88      AC: 25    Str: 22    XL:     13   Next: 4%
Magic:  4/26       EV: 17    Int: 34    God:    Cheibriados [******]
Gold:   1464       SH:  9    Dex: 39    Spells: 21/30 levels left

rFire   + . .        E - +2 dagger "Muicvueg" {heavy, rF+ rC+ Str-3 Dex+3}
rCold   + + +        c - +0 buckler
rNeg    + + +        t - +3 chain mail {Will+}
rPois   ∞            z - +2 helmet of Eternal Vigilance {rC+ rCorr}
rElec   .            o - +0 cloak
rCorr   +            G - +1 pair of gloves
SInv    +            x - +0 pair of boots
Will    ++...        (no amulet)
Stlth   ++++++++     p - +3 ring of dexterity
HPRegen 0.00/turn    q - +3 ring of strength
MPRegen 0.20/turn

%: no teleportation
@: confusing by touch, untranslocatable, bloodless, inhibited regen,
constricted, very slow
A: bloodless, fangs 3, see invisible, vampiric 2
a: Bat Form, Revivify, Renounce Religion, Bend Time, Temporal Distortion,
Slouch, Step From Time


You were in the Dungeon.
You worshipped Cheibriados.
Cheibriados was exalted by your worship.
You visited 1 branch You collected 1929 gold pieces.
You spent 465 gold pieces at shops.

Inventory:

Hand Weapons
 m - the +2 rapier "Hexkyokeaff" {heavy, rC+ rN+ Will+ Str-5}
   (You found it in the Dungeon)

   Str:       It affects your strength (-5).
   rC:        It protects you from cold.
   rN:        It protects you from negative energy.
   Will:      It increases your willpower.
 y - a +4 scimitar of flaming
 E - the +2 dagger "Muicvueg" (weapon) {heavy, rF+ rC+ Str-3 Dex+3}
   (You found it in the Dungeon)

   Str:       It affects your strength (-3).
   Dex:       It affects your dexterity (+3).
   rF:        It protects you from fire.
   rC:        It protects you from cold.
 F - a +3 quick blade
Missiles
 r - a curare-tipped dart
 u - 2 poisoned darts (quivered)
Armour
 c - a +0 buckler (worn)
 n - a +1 hat of see invisible
 o - a +0 cloak (worn)
 t - a +3 chain mail of willpower (worn)
 w - the +3 chain mail of Jexul {rCorr Slay+3}
   (You bought it in a shop in the Dungeon)

   Slay:      It affects your accuracy & damage with ranged weapons and melee
   (+3).
   rCorr:     It protects you from acid and corrosion.
 x - a +0 pair of boots (worn)
 z - the +2 helmet of Eternal Vigilance (worn) {rC+ rCorr}
   (You bought it in a shop in the Dungeon)

   rC:        It protects you from cold.
   rCorr:     It protects you from acid and corrosion.
 G - a +1 pair of gloves (worn)
Jewellery
 f - an amulet of guardian spirit
 p - a +3 ring of dexterity (left hand)
 q - a +3 ring of strength (right hand)
 B - a ring of protection from cold
 C - a ring of poison resistance
 D - a ring of fire
Wands
 l - a wand of roots (7)
 A - a wand of charming (5)
Scrolls
 b - 4 scrolls of enchant weapon
 i - 2 scrolls of blinking
 j - 3 scrolls of identify
 k - 2 scrolls of amnesia
Potions
 d - 7 potions of curing
 e - 2 potions of heal wounds
 g - 3 potions of magic
 h - a potion of berserk rage
 s - 2 potions of brilliance
 v - a potion of cancellation
 H - a potion of mutation


   Skills:
 + Level 13.6 Fighting
 - Level 14.0 Short Blades
 + Level 6.2 Throwing
 + Level 13.4 Armour
 + Level 9.6 Dodging
 - Level 18.0 Stealth
 - Level 5.0 Shields
 - Level 9.0 Spellcasting
 + Level 2.0 Conjurations
 + Level 11.7 Hexes
 - Level 13.0 Invocations


You had 21 spell levels left.
You knew the following spells:

 Your Spells              Type           Power      Damage    Failure   Level
a - Confusing Touch       Hex            76%        N/A       1%          3
b - Tukima's Dance        Hex            76%        N/A       1%          3
c - Dazzling Flash        Conj/Hex       100%       N/A       2%          3

Your spell library contained the following spells:

 Spells                   Type           Power      Damage    Failure   Level
 Ensorcelled Hibernation  Hex/Ice        100%       N/A       1%          2


Dungeon Overview and Level Annotations

Branches:
Dungeon (1/1)

Altars:
Cheibriados
Dithmenos
Fedhas
Gozag
Hepliaklqana
Kikubaaqudgha
Makhleb
Nemelex Xobeh
Okawaru
Qazlal
Ru
Sif Muna
Trog
Uskayaw
Vehumet
Wu Jian
Xom
Yredelemnul
Jiyva
Lugonu

Shops:
D ([[[


Innate Abilities, Weirdness & Mutations

You do not regenerate when monsters are visible.
You are frail without blood (-20% HP).
You can heal yourself when you bite living creatures.
You are immune to poison.
You have razor-sharp teeth.
You have supernaturally acute eyesight. (SInv)
You are afflicted with vampirism and can become a bat while bloodless.


Message History

The roots erupt in riotous growth!
Roots grab the nagaraja.
The grasping roots constrict the nagaraja.
The nagaraja points at you and mumbles some strange words.
The poison arrow misses you.
Unknown command.
The grasping roots constrict the nagaraja.
The nagaraja struggles to escape constriction.
The grasping roots constrict the nagaraja!
You kill the nagaraja!
Cheibriados appreciates the change of pace.
Your Conjurations skill increases to level 2!
You have reached level 13!
Casting: Confusing Touch (safe; 1% risk of failure)
Confirm with . or Enter, or press ? or * to list all spells.
Your hands begin to glow red.
Unknown command.
Aiming: Charm
Press: ? - help, Shift-Dir - straight line, f - naga warrior
Aim: a naga warrior, wielding a +0 scimitar (moderately wounded, chance to confuse on hit: 31%, chance to affect: 7%)
The naga warrior resists with almost no effort.
Unknown command.
Unknown command.
You hit the naga warrior but do no damage.
The naga warrior is lightly wounded.
You hit the naga warrior but do no damage.
Your bite misses the naga warrior.
The naga warrior is lightly wounded.
The naga warrior hits you with a +0 scimitar!
* * * LOW HITPOINT WARNING * * *
The naga warrior closely misses you.
You barely miss the naga warrior.
The naga warrior is lightly wounded.
You block the naga warrior's attack. The naga warrior grabs you.
The naga warrior constricts you.
You hit the naga warrior but do no damage.
You bite the naga warrior.
You draw the naga warrior's blood!
You feel better.
The naga warrior is moderately wounded.
The naga warrior hits you with a +0 scimitar!!
You die...

<▓...▓...▓...▓...▓
.▓.▓.▓.▓.▓.▓.▓.▓.▓
.▓.▓.▓.▓.▓.▓.▓.▓.▓
.▓.▓.▓.▓.▓.▓.▓.▓.▓
'▓.▓.▓.▓)▓.▓.▓.▓.▓
.▓.▓.▓.▓[▓.▓.▓.▓.▓
.▓.▓.▓.▓.▓.▓.▓.▓.▓
)▓.▓'▓.▓)▓.▓.▓.▓.▓
.▓.▓.▓.▓.▓.▓.▓.▓@▓
.▓.▓.▓.▓.▓.▓'▓.▓N▓
'▓.▓.▓.▓.▓.▓.▓.▓N▓
)▓.▓.▓.▓.▓.▓.▓.▓N▓
)▓.▓.▓.▓.▓.▓.▓.▓.▓
.▓.▓.▓.▓'▓)▓=▓.▓)▓
.▓.▓[▓.▓)▓.▓.▓.▓.▓
.▓.▓.▓.▓)▓.▓)▓.▓'▓
'▓.▓.▓.▓)▓.▓)▓.▓.▓


You could see a naga warrior and 2 nagas.

Vanquished Creatures
  A nagaraja (D)
  A fire giant (D)
  A frost giant (D)
  3 stone giants (D)
  An ettin (D)
  An ice dragon (D)
  2 centaur warriors (D)
  A boulder beetle (D)
  An anaconda (D)
  Erica (D)
  2 tengu warriors (D)
  2 orc high priests (D)
  A skeletal warrior (D)
  A wizard (D)
  3 lindwurms (D)
  3 orc knights (D)
  6 orc sorcerers (D)
  2 cyclopes (D)
  An elephant (D)
  A guardian serpent (D)
  A black mamba (D)
  Maurice (D)
  Joseph (D)
  A cane toad (D)
  A gargoyle (D)
  A komodo dragon (D)
  3 trolls (D)
  A polar bear (D)
  4 tyrant leeches (D)
  2 blink frogs (D)
  A dream sheep (D)
  A vampire (D)
  A wyvern (D)
  Eustachio (D)
  2 basilisks (D)
  A yak (D)
  A vampire mosquito (D)
  4 water moccasins (D)
  10 orc warriors (D)
  An ice beast (D)
  2 wolves (D)
  A kobold brigand (D)
  A scorpion (D)
  A wight (D)
  A howler monkey (D)
  An orc priest (D)
  5 orc wizards (D)
  2 worms (D)
  12 orcs (D)
  A ball python (D)
  A kobold (D)
  3 rats (D)
105 creatures vanquished.

Vanquished Creatures (collateral kills)
  A tengu warrior (D)
  An orc sorcerer (D)
  A deep elf pyromancer (D)
3 creatures vanquished.

Vanquished Creatures (others)
  A naga mage (D)
  A black mamba (D)
  7 dancing weapons (D)
9 creatures vanquished.

Grand Total: 117 creatures vanquished

Notes
Turn   | Place    | Note
-------+----------+-------------------------------------------
     0 | D        | Turgor the Vampire Enchanter began the quest for the Orb.
     0 | D        | Reached XP level 1. HP: 13/13 MP: 3/3
    12 | D        | Reached skill level 5 in Stealth
    16 | D        | Reached skill level 6 in Stealth
    21 | D        | Noticed an ice beast
    21 | D        | Noticed a scorpion
    21 | D        | Noticed a howler monkey
    24 | D        | Reached skill level 7 in Stealth
    27 | D        | Killed an ice beast
    28 | D        | Reached skill level 14 in Stealth
    28 | D        | Reached XP level 2. HP: 15/15 MP: 5/5
    28 | D        | Gained mutation: You are afflicted with vampirism and can
                  | become a bat while bloodless. [Vampire growth]
    28 | D        | Reached XP level 3. HP: 19/19 MP: 6/6
    28 | D        | Reached XP level 4. HP: 24/24 MP: 7/7
    41 | D        | Learned a level 3 spell: Confusing Touch
    52 | D        | Killed a scorpion
    53 | D        | Reached skill level 16 in Stealth
    53 | D        | Reached XP level 5. HP: 28/28 MP: 4/8
    62 | D        | Reached skill level 17 in Stealth
   118 | D        | Learned a level 3 spell: Tukima's Dance
   121 | D        | Found a snail-covered altar of Cheibriados.
   121 | D        | Found a shadowy altar of Dithmenos.
   121 | D        | Found a blossoming altar of Fedhas.
   121 | D        | Found an opulent altar of Gozag.
   122 | D        | Found a hazy altar of Hepliaklqana.
   123 | D        | Found a viscous altar of Jiyva.
   124 | D        | Found an ancient bone altar of Kikubaaqudgha.
   125 | D        | Found a corrupted altar of Lugonu.
   126 | D        | Found a burning altar of Makhleb.
   127 | D        | Found a sparkling altar of Nemelex Xobeh.
   128 | D        | Found an iron altar of Okawaru.
   129 | D        | Found a stormy altar of Qazlal.
   130 | D        | Found a sacrificial altar of Ru.
   131 | D        | Found a shimmering blue altar of Sif Muna.
   132 | D        | Found a bloodstained altar of Trog.
   133 | D        | Found a hide-covered altar of Uskayaw.
   134 | D        | Found a radiant altar of Vehumet.
   135 | D        | Found an ornate altar of the Wu Jian Council.
   136 | D        | Found a shimmering altar of Xom.
   137 | D        | Found a basalt altar of Yredelemnul.
   169 | D        | Became a worshipper of Cheibriados the Contemplative
   200 | D        | Got the +2 rapier "Hexkyokeaff" {heavy, rC+ rN+ Will+
                  | Str-5}
   232 | D        | Noticed a troll
   232 | D        | Noticed a wyvern
   232 | D        | Noticed an orc warrior
   232 | D        | Noticed a troll
   235 | D        | Reached skill level 5 in Hexes
   236 | D        | Killed a troll
   237 | D        | Reached skill level 5 in Short Blades
   237 | D        | Reached skill level 5 in Spellcasting
   237 | D        | Reached XP level 6. HP: 32/32 MP: 8/13
   238 | D        | Killed a wyvern
   238 | D        | Reached * piety under Cheibriados
   239 | D        | Reached XP level 7. HP: 40/40 MP: 8/15
   242 | D        | Reached ** piety under Cheibriados
   243 | D        | Reached skill level 1 in Invocations
   248 | D        | Killed a troll
   305 | D        | Noticed a vampire
   305 | D        | Noticed a gargoyle
   305 | D        | Noticed a centaur warrior
   305 | D        | Noticed a cyclops
   305 | D        | Noticed a vampire mosquito
   305 | D        | Noticed a troll
   307 | D        | Killed a vampire
   308 | D        | Reached skill level 18 in Stealth
   308 | D        | Reached skill level 10 in Hexes
   308 | D        | Reached XP level 8. HP: 48/48 MP: 17/17
   309 | D        | Killed a gargoyle
   309 | D        | Reached *** piety under Cheibriados
   310 | D        | Reached skill level 5 in Fighting
   310 | D        | Reached skill level 10 in Short Blades
   316 | D        | Killed a centaur warrior
   317 | D        | Reached XP level 9. HP: 55/55 MP: 14/18
   319 | D        | Killed a cyclops
   320 | D        | Reached skill level 5 in Invocations
   323 | D        | Reached **** piety under Cheibriados
   327 | D        | Killed a troll
   511 | D        | Noticed a cane toad
   511 | D        | Noticed a komodo dragon
   513 | D        | Noticed a lindwurm
   520 | D        | Killed a cane toad
   520 | D        | Reached ***** piety under Cheibriados
   521 | D        | Reached skill level 1 in Armour
   522 | D        | Noticed a boulder beetle
   538 | D        | Killed a komodo dragon
   664 | D        | Killed a lindwurm
   665 | D        | Reached XP level 10. HP: 64/64 MP: 16/19
   674 | D        | Reached ****** piety under Cheibriados
   706 | D        | Killed a boulder beetle
   707 | D        | Reached skill level 5 in Armour
   707 | D        | Reached skill level 5 in Dodging
   752 | D        | Noticed an elephant
   784 | D        | Killed an elephant
   944 | D        | Noticed a lindwurm
   944 | D        | Noticed a lindwurm
   948 | D        | Killed a lindwurm
   971 | D        | Killed a lindwurm
   972 | D        | Reached XP level 11. HP: 70/72 MP: 15/20
  1065 | D        | Noticed Joseph
  1079 | D        | Killed Joseph
  1080 | D        | Reached skill level 10 in Fighting
  1091 | D        | Noticed Erica
  1098 | D        | Killed Erica
  1109 | D        | Noticed Eustachio
  1116 | D        | Killed Eustachio
  1253 | D        | Noticed an orc high priest
  1253 | D        | Noticed an orc knight
  1253 | D        | Noticed an orc knight
  1253 | D        | Noticed an orc knight
  1254 | D        | Noticed an orc high priest
  1257 | D        | Killed an orc high priest
  1259 | D        | Killed an orc knight
  1262 | D        | Reached skill level 10 in Invocations
  1286 | D        | Reached skill level 10 in Armour
  1296 | D        | Killed an orc high priest
  1327 | D        | Killed an orc knight
  1360 | D        | Killed an orc knight
  1934 | D        | Found Vonetofi's Weapon Emporium.
  1934 | D        | Noticed an orc sorcerer
  1934 | D        | Noticed an orc sorcerer
  1937 | D        | Found Fyingev's Antique Armour Shoppe.
  1938 | D        | Killed an orc sorcerer
  1939 | D        | Noticed an orc sorcerer
  1942 | D        | Noticed an orc sorcerer
  1943 | D        | Killed an orc sorcerer
  1947 | D        | Noticed an orc sorcerer
  1971 | D        | Killed an orc sorcerer
  1976 | D        | Killed an orc sorcerer
  2326 | D        | Killed an orc sorcerer
  2346 | D        | Found Ymnaor's Antique Armour Emporium.
  2350 | D        | Found Zugil's Armour Shoppe.
  2355 | D        | Noticed an orc sorcerer
  2356 | D        | Noticed an orc sorcerer
  2375 | D        | Killed an orc sorcerer
  2383 | D        | Killed an orc sorcerer
  2419 | D        | Bought a buckler for 67 gold pieces
  2419 | D        | Bought a warped helmet for 142 gold pieces
  2419 | D        | Identified the +2 helmet of Eternal Vigilance {rC+ rCorr}
                  | (You bought it in a shop in the Dungeon)
  2443 | D        | Bought a heavily runed chain mail for 256 gold pieces
  2443 | D        | Identified the +3 chain mail of Jexul {rCorr Slay+3} (You
                  | bought it in a shop in the Dungeon)
  2511 | D        | Reached XP level 12. HP: 78/81 MP: 24/24
  2531 | D        | Noticed Maurice
  2538 | D        | Killed Maurice
  2577 | D        | Got the +2 dagger "Muicvueg" {heavy, rF+ rC+ Str-3 Dex+3}
  2625 | D        | Noticed a tengu warrior
  2625 | D        | Noticed a tengu warrior
  2625 | D        | Noticed a tengu warrior
  2631 | D        | Noticed a centaur warrior
  2633 | D        | Killed a tengu warrior
  2638 | D        | Killed a tengu warrior
  2645 | D        | Noticed a fire giant
  2652 | D        | Reached skill level 5 in Shields
  2656 | D        | Killed a fire giant
  2670 | D        | Killed a tengu warrior
  2671 | D        | Reached skill level 1 in Throwing
  2672 | D        | Noticed an ice dragon
  2677 | D        | Noticed a stone giant
  2679 | D        | Killed a centaur warrior
  2684 | D        | Killed an ice dragon
  2692 | D        | Killed a stone giant
  2692 | D        | Noticed a stone giant
  2710 | D        | Killed a stone giant
  2785 | D        | Noticed a stone giant
  2786 | D        | Noticed an ettin
  2787 | D        | Noticed a frost giant
  2792 | D        | Killed a stone giant
  2794 | D        | Killed an ettin
  2795 | D        | Reached skill level 5 in Throwing
  2796 | D        | Killed a frost giant
  2801 | D        | Learned a level 3 spell: Dazzling Flash
  2900 | D        | Noticed a naga warrior
  2900 | D        | Noticed a nagaraja
  2901 | D        | Noticed an anaconda
  2931 | D        | HP: 3/84 [constriction (3)]
  2934 | D        | Killed an anaconda
  2935 | D        | Reached skill level 1 in Conjurations
  2968 | D        | Killed a nagaraja
  2969 | D        | Reached XP level 13. HP: 22/88 MP: 6/26
  2975 | D        | Mangled by a naga warrior

Illustrated notes

Levels and vault maps discovered:
D:        linesprint [early_d, line_temple, items_1, d_10, items_2, lair_1,
          lair_end, items_3, orc_1, orc_end, items_4, d_15, swamp_1, shoals_1,
          snake_1, spider_1, d_20, vaults_1, items_5, swamp_end, shoals_end,
          snake_end, spider_end, vaults_end, d_27, items_6, zot_1, zot_end,
          crypt_end, forest_end, elf_end, slime_end, tomb_end, abyss_end,
          pan_hell_end]

Skill      XL: |  1  2  3  4  5  6  7  8  9 10 11 12 |
---------------+-------------------------------------+-----
Stealth        | 14 16 17 18 | 18.0
Short Blades   | 5 7 9 11 14 | 14.0
Hexes          | 8 9 10 11 | 11.7
Spellcasting   | 5 6 8 9 |  9.0
Fighting       | 2 4 6 8 9 11 13 | 13.6
Invocations    | 2 4 7 9 11 13 | 13.0
Armour         | 4 8 11 13 | 13.4
Dodging        | 4 8 9 |  9.6
Shields        | 5 |  5.0
Throwing       | 6 |  6.2
Conjurations   | 2 |  2.0

Action                     |  1- 3 |  4- 6 |  7- 9 | 10-12 | 13-15 || total
---------------------------+-------+-------+-------+-------+-------++-------
  Melee: Dagger            |     8 |    13 |    51 |   342 |     4 ||   418
         Bite              |       |     4 |    13 |    72 |     1 ||    90
         Punch             |       |       |     1 |     5 |       ||     6
  Throw: Dart              |       |       |       |     3 |       ||     3
   Cast: Confusing Touch   |       |     2 |    11 |    47 |     1 ||    61
         Tukima's Dance    |       |       |       |    16 |       ||    16
 Invoke: Step From Time    |       |       |       |     2 |       ||     2
         Slouch            |       |       |       |     4 |       ||     4
Ability: Exsanguinate      |     1 |       |       |       |       ||     1
  Evoke: Wand              |       |       |       |     3 |     1 ||     4
    Use: Potion            |     1 |       |       |    11 |       ||    12
         Scroll            |       |       |     1 |     3 |       ||     4
   Stab: Sleeping          |     7 |     3 |     4 |    18 |       ||    32
         Confused          |       |     2 |    10 |    37 |       ||    49
         Invisible         |       |       |       |     9 |       ||     9
         Distracted        |       |       |       |     1 |       ||     1
 Armour: Robe              |     1 |       |       |       |       ||     1
         Ring mail         |       |       |     5 |       |       ||     5
         Chain mail        |       |       |     3 |    81 |       ||    84
  Dodge: Dodged            |     1 |     7 |    17 |   165 |     1 ||   191
  Block: Buckler           |       |       |       |    36 |     1 ||    37

Table legend: (Time is in decaauts)
 A = Elapsed time spent in this place.
 B = Non-inter-level travel time spent in this place.
 C = Inter-level travel time spent in this place.
 D = Time resting spent in this place.
 E = Time spent auto-exploring this place.
 F = Levels seen in this place.
 G = Mean time per level.
                   A        B        C        D        E       F      G
               +--------+--------+--------+--------+--------+-----+--------+
         Total |   4414 |   4142 |    272 |    465 |      0 |   1 | 4414.0 |
       Dungeon |   4414 |   4142 |    272 |    465 |      0 |   1 | 4414.0 |
               +--------+--------+--------+--------+--------+-----+--------+

Top non-repeatable levels by time:
       D: 4414 daAuts
